 Dungeon Crawl Stone Soup version 0.25-a0-713-g4845790874 (webtiles) character file.

Game seed: 10426200321245720999, levelgen mode: deterministic

13972 Baz the Spear-Bearer (level 12, -4/92 HPs)
             Began as a Merfolk Ice Elementalist on Apr 4, 2020.
             Was a Priest of Sif Muna.
             Slain by a hellwing (11 damage)
             ... summoned by a kobold demonologist
             ... on level 10 of the Dungeon on Apr 5, 2020.
             The game lasted 00:42:53 (20633 turns).

Baz the Spear-Bearer (Merfolk Ice Elementalist)    Turns: 20633, Time: 00:42:53

Health: -4/92      AC:  9    Str: 10    XL:     12   Next: 11%
Magic:  13/21      EV: 15    Int: 18    God:    Sif Muna [***...]
Gold:   819        SH:  3    Dex: 14    Spells: 7/23 levels left

rFire    . . .     SeeInvis .   v - +0 trident
rCold    . . .     Gourm    .   (no shield)
rNeg     . . .     Faith    .   K - +0 acid dragon scales
rPois    .         Spirit   .   m - +0 hat
rElec    .         Reflect  +   d - +0 cloak
rCorr    +         Harm     .   t - +0 pair of gloves
MR       .....                  H - +0 pair of boots
Stlth    ++........             x - +3 amulet of reflection
HPRegen  0.25/turn              (no ring)
MPRegen  0.17/turn              (no ring)

@: very slightly contaminated
A: change form in water, swift swim, stealthy swim
a: Channel Magic, Forget Spell, Renounce Religion


You were on level 10 of the Dungeon.
You worshipped Sif Muna.
Sif Muna was most pleased with you.
You were hungry.

You visited 3 branches of the dungeon, and saw 13 of its levels.

You collected 819 gold pieces.

Inventory:

Hand Weapons
 e - a +1 short sword of speed
 j - a +0 spear
 v - a +0 trident (weapon)
 L - a +1 vampiric trident
Armour
 d - a +0 cloak (worn)
 m - a +0 hat (worn)
 t - a +0 pair of gloves (worn)
 H - a +0 pair of boots (worn)
 K - +0 acid dragon scales (worn)
Magical Staves
 E - an uncursed staff of cold
Jewellery
 x - a +3 amulet of reflection (around neck)
 F - an uncursed ring of magical power {unknown}
Wands
 y - a wand of flame (13)
 M - a wand of disintegration (5)
Scrolls
 a - a scroll of vulnerability {unknown}
 b - 8 scrolls of identify
 h - a scroll of teleportation
 o - 2 scrolls of magic mapping {unknown}
 r - 3 scrolls of amnesia {unknown}
 s - 2 scrolls of enchant weapon {unknown}
 u - 2 scrolls of remove curse
 w - 3 scrolls of enchant armour {unknown}
 B - 5 scrolls of blinking {unknown}
 C - a scroll of random uselessness {unknown}
 D - 3 scrolls of fog {unknown}
 G - a scroll of fear {unknown}
 I - a scroll of immolation {unknown}
Potions
 f - 2 potions of heal wounds
 g - 2 potions of resistance {unknown}
 i - 6 potions of curing {unknown}
 k - a potion of brilliance
 l - 3 potions of haste {unknown}
 n - 3 potions of flight
 p - 2 potions of stabbing {unknown}
 q - a potion of lignification
 z - a potion of mutation {unknown}
 A - 4 potions of might {unknown}
Comestibles
 c - 17 rations
 J - 6 chunks of flesh


   Skills:
 + Level 7.9 Fighting
 + Level 11.6 Polearms
 + Level 2.0 Armour
 - Level 7.8 Dodging
 - Level 2.1 Stealth
 * Level 6.3 Spellcasting
 * Level 6.2 Conjurations
 - Level 3.0 Charms
 - Level 8.0 Summonings
 - Level 8.0 Ice Magic


You had 7 spell levels left.
You knew the following spells:

 Your Spells              Type           Power        Failure   Level  Hunger
a - Freeze                Ice            ####         1%          1    None
b - Frozen Ramparts       Ice            ####..       1%          3    ##.....
c - Ozocubu's Armour      Chrm/Ice       ####....     5%          3    ##.....
d - Hailstorm             Conj/Ice       ####....     10%         4    ####...
e - Summon Ice Beast      Ice/Summ       ####....     7%          4    ####...
f - Summon Butterflies    Summ           ####....     1%          1    None

Your spell library contained the following spells:

 Spells                   Type           Power        Failure   Level  Hunger
 Apportation              Tloc           #.....       19%         1    None
 Confusing Touch          Hex            #.......     47%         3    ##.....
 Gell's Gravitas          Tloc           #.........   47%         3    ##.....
 Lesser Beckoning         Tloc           #.........   47%         3    ##.....
 Tukima's Dance           Hex            #.......     47%         3    ##.....
 Metabolic Englaciation   Hex/Ice        ###.......   67%         5    #####..
 Petrify                  Tmut/Erth      #.......     87%         4    ####...
 Alistair's Intoxication  Tmut/Pois      #.......     99%         5    #####..
 Yara's Violent Unravell  Hex/Tmut       #.........   99%         5    #####..
 Invisibility             Hex            #.......     100%        6    #######


Dungeon Overview and Level Annotations

Branches:
Dungeon (10/15)            Temple (1/1) D:7            Lair (2/6) D:8
    Orc (0/2) D:10
  Swamp: Lair:2-4    Shoals: Lair:2-4     Snake: Lair:2-4    Spider: Lair:2-4

Altars:
Ashenzari
Cheibriados
Dithmenos
Elyvilon
Fedhas
Gozag
Hepliaklqana
Kikubaaqudgha
Makhleb
Nemelex Xobeh
Okawaru
Qazlal
Ru
Sif Muna
Trog
Uskayaw
Vehumet
Wu Jian
Xom
Yredelemnul
Zin
The Shining One

Shops:
D:7 [

Annotations:
D:5 exclusion: zombie
D:6 1 runed translucent door
D:8 5 runed translucent doors
D:9 Joseph
D:10 Psyche
Lair:2 Nergalle


Message History

A cannonade of hail descends around you!
The hail pelts the big kobold!
The big kobold is heavily wounded.
The hail pelts the kobold!
You kill the kobold!
Sif Muna accepts your kill.
The hail pelts the chaos spawn!
The chaos spawn is heavily wounded.
The hail pelts the kobold!!
You kill the kobold!
Sif Muna accepts your kill.
The hail misses the big kobold.
The hail pelts the kobold demonologist!
The kobold demonologist is moderately wounded.
Something hits you but does no damage. Space warps horribly around you!!
* * * LOW HITPOINT WARNING * * *
The big kobold hits you with a +0 short sword.
* * * LOW HITPOINT WARNING * * *
Something hits you but does no damage.
You feel strangely stable. The hellwing hits you!
You die...

##.8#... # #..KZK.
#####.Z..K .....KK.K
.....5.8# # .....KKK#
# #....KK4## #
#.....#K(### #
#.....##K@.# # .....
###4# # ..... #)# #
.... #.### ##### ....
#(..## #....
..###)...########.###
....................#
########.(.##########
#...#


You could see a hellwing, a kobold demonologist, a chaos spawn, 4 big kobolds, a
shadow imp and 4 kobolds.

Vanquished Creatures
  Erolcha (D:10)
  Pikel (D:5)
  An ugly thing (D:9)
  A cyclops (D:10)
  A black mamba (Lair:1)
  Maggie (Lair:2)
  A kobold demonologist (D:8)
  A spiny frog (Lair:1)
  A komodo dragon (Lair:1)
  A queen bee (D:8)
  2 polar bears (D:9)
  Grinder (D:5)
  4 hippogriffs
  Sigmund (D:5)
  10 yaks
  A wyvern (D:10)
  A basilisk (Lair:1)
  5 water moccasins
  4 orc warriors (D:10)
  A porcupine (Lair:1)
  8 sky beasts
  A black bear (D:6)
  5 ice beasts
  3 centaurs
  2 ogres
  2 crocodiles
  A wolf (D:9)
  14 big kobolds
  Blork the orc (D:5)
  5 bullfrogs
  A water moccasin skeleton (D:6)
  16 killer bees
  A wight (D:10)
  2 howler monkeys
  A bullfrog zombie (D:9)
  2 centaur zombies
  2 jellies
  6 orc priests
  4 hounds
  2 iguanas
  15 orc wizards
  13 worker ants
  A gnoll (D:1)
  10 adders
  A white imp (D:9)
  3 ufetubi (D:9)
  3 oozes
  2 adder skeletons
  2 adder zombies
  4 worms
  A dart slug (D:2)
  7 leopard geckos
  35 orcs
  11 giant cockroaches
  9 goblins
  5 hobgoblins
  28 kobolds
  2 quokkas
  3 ball pythons
  12 bats
  4 frilled lizards
  A kobold skeleton (D:10)
  2 kobold zombies (D:10)
  7 rats
  2 butterflies (D:6)
302 creatures vanquished.

Vanquished Creatures (collateral kills)
  A spiny frog (Lair:2)
  A hippogriff (Lair:1)
  2 ice beasts
  2 phantoms
  A necrophage (D:6)
  2 killer bees
  A centaur zombie (D:8)
  2 worker ants (D:6)
  A butterfly (D:6)
13 creatures vanquished.

Vanquished Creatures (others)
  2 slaves (D:5)
  A crimson imp (D:5)
  A hound (D:5)
  A worker ant zombie (D:5)
  An adder skeleton (D:5)
  A dart slug (D:5)
  A giant cockroach (D:5)
  A jackal (D:5)
  A quokka (D:5)
  A jackal skeleton (D:5)
11 creatures vanquished.

Grand Total: 326 creatures vanquished

Notes
Turn   | Place    | Note
-------+----------+-------------------------------------------
     0 | D:1      | Baz the Merfolk Ice Elementalist began the quest for the
                  | Orb.
     0 | D:1      | Reached XP level 1. HP: 13/13 MP: 3/3
    69 | D:1      | Reached XP level 2. HP: 12/19 MP: 0/5
   763 | D:2      | Reached XP level 3. HP: 24/24 MP: 2/6
   816 | D:2      | Learned a level 3 spell: Frozen Ramparts
   874 | D:1      | Learned a level 3 spell: Ozocubu's Armour
   999 | D:1      | Reached skill level 5 in Ice Magic
  1435 | D:1      | Reached skill level 1 in Polearms
  1537 | D:1      | Reached XP level 4. HP: 30/30 MP: 6/8
  2723 | D:3      | You fall into a shaft and drop 2 floors!
  2723 | D:5      | Entered Level 5 of the Dungeon
  2729 | D:5      | Reached skill level 2 in Polearms
  2729 | D:5      | Reached XP level 5. HP: 35/35 MP: 3/9
  2796 | D:5      | Upgraded the game from 0.25-a0-705-ge9988fc0fb to
                  | 0.25-a0-713-g4845790874
  2923 | D:5      | Noticed a slave
  2924 | D:5      | Noticed Pikel
  2924 | D:5      | Noticed a slave
  2925 | D:5      | Noticed a slave
  2926 | D:5      | Noticed a slave
  2969 | D:5      | Killed Pikel
  2969 | D:5      | Reached skill level 4 in Polearms
  2969 | D:5      | Reached XP level 6. HP: 9/41 MP: 0/13
  2969 | D:5      | Reached XP level 7. HP: 10/46 MP: 0/14
  3004 | D:5      | Found a glowing golden altar of the Shining One.
  3464 | D:4      | Learned a level 4 spell: Hailstorm
  3469 | D:4      | Learned a level 4 spell: Summon Ice Beast
  4326 | D:4      | Reached skill level 1 in Summonings
  4425 | D:4      | Reached skill level 5 in Polearms
  4583 | D:4      | Reached XP level 8. HP: 48/52 MP: 13/15
  5710 | D:4      | Reached skill level 5 in Spellcasting
  5933 | D:5      | Noticed Blork the orc
  5940 | D:5      | Killed Blork the orc
  5966 | D:5      | Noticed Sigmund
  5972 | D:5      | Killed Sigmund
  5972 | D:5      | Reached skill level 6 in Polearms
  7131 | D:6      | Reached skill level 7 in Polearms
  7361 | D:6      | Found a runed translucent door.
  7362 | D:6      | Found a runed translucent door.
  7369 | D:6      | Reached XP level 9. HP: 63/64 MP: 6/16
  8119 | D:6      | Reached skill level 8 in Polearms
  8364 | D:6      | Found a shattered altar of Ashenzari.
  8364 | D:6      | Noticed Grinder
  8679 | D:5      | Paralysed by Grinder for 7 turns
  8689 | D:5      | Killed Grinder
  8985 | D:6      | Reached skill level 1 in Charms
  9873 | D:7      | Found a staircase to the Ecumenical Temple.
  9882 | D:7      | Reached skill level 5 in Summonings
  9923 | Temple   | Entered the Ecumenical Temple
 10168 | Temple   | Became a worshipper of Sif Muna the Loreminder
 10211 | D:7      | Reached skill level 5 in Fighting
 10211 | D:7      | Reached skill level 5 in Dodging
 10361 | D:7      | Found Guwah's Armour Emporium.
 10387 | D:7      | Reached skill level 9 in Polearms
 11094 | D:8      | Found the +9 staff of Olgreb {rPois∞}
 11115 | D:8      | Reached XP level 10. HP: 64/74 MP: 14/17
 11184 | D:8      | Found a basalt altar of Yredelemnul.
 11223 | D:8      | Found a runed translucent door.
 11231 | D:7      | Reached skill level 1 in Conjurations
 11613 | D:8      | Found a runed translucent gate.
 11613 | D:8      | Found a runed translucent gate.
 11614 | D:8      | Found a runed translucent door.
 11625 | D:8      | Found a runed translucent gate.
 11686 | D:8      | Found an ornate altar of the Wu Jian Council.
 11688 | D:8      | Found a hide-covered altar of Uskayaw.
 11690 | D:8      | Found a glowing golden altar of the Shining One.
 11693 | D:8      | Found a bloodstained altar of Trog.
 12147 | D:8      | Found a staircase to the Lair.
 12170 | D:8      | Noticed a kobold demonologist
 12179 | D:8      | Killed a kobold demonologist
 12183 | D:8      | Reached * piety under Sif Muna
 12715 | D:8      | Reached skill level 10 in Polearms
 13833 | D:9      | Found a shadowy altar of Dithmenos.
 13959 | D:9      | Reached ** piety under Sif Muna
 14520 | D:9      | Reached XP level 11. HP: 82/83 MP: 9/18
 15030 | D:9      | Noticed Joseph
 15195 | Lair:1   | Entered Level 1 of the Lair of Beasts
 17438 | Lair:2   | Noticed Maggie
 17473 | Lair:2   | Killed Maggie
 17473 | Lair:2   | Reached skill level 5 in Conjurations
 17787 | Lair:2   | Noticed Nergalle
 17802 | Lair:2   | HP: 3/84 [Nergalle/bolt of negative energy (22)]
 18200 | Lair:2   | Noticed a spectral orc warlord
 18778 | D:9      | Learned a level 1 spell: Summon Butterflies
 18793 | D:9      | Noticed a red ugly thing
 18803 | D:9      | Killed a red ugly thing
 18803 | D:9      | Reached skill level 11 in Polearms
 19485 | D:10     | Entered Level 10 of the Dungeon
 19615 | D:10     | Reached skill level 1 in Armour
 19951 | D:10     | Reached *** piety under Sif Muna
 20233 | D:10     | Found a staircase to the Orcish Mines.
 20330 | D:10     | Noticed a cyclops
 20349 | D:10     | Killed a cyclops
 20467 | D:10     | Noticed Erolcha
 20482 | D:10     | Killed Erolcha
 20482 | D:10     | Reached XP level 12. HP: 70/92 MP: 8/21
 20618 | D:10     | Noticed Psyche
 20633 | D:10     | Slain by a hellwing

Levels and vault maps discovered:
D:1:      erik_arrival_cave_to_civilisation [erik_arrival_cave_to_temple],
          layout_basic, minmay_tromino_i4
D:2:      layout_rooms, first_ration, minmay_misc_feat_nine_boxes
D:3:      layout_loops_cross
D:4:      layout_basic, kennysheep_opposing_triangles
D:5:      layout_basic, minmay_ruined_shrine, uniq_sigmund, uniq_blork_the_orc,
          uniq_pikel
D:6:      lemuel_insect_pit, layout_cave_pods, evilmike_ruin_ashenzari,
          uniq_grinder
D:7:      layout_basic, temple_fountains, serial_shops, kennysheep_mini_moat
D:8:      layout_basic, minitemple, lair_entry_dummy, special_room
          [special_room_kobold], david_nohive_1,
          minmay_guarded_unrand_staff_of_olgreb
D:9:      layout_basic, serial_ice, serial_ice_o, serial_ice_b, serial_ice_n,
          serial_ice_a, serial_ice_l, serial_ice_e, serial_ice_g,
          nicolae_dithmenos_through_a_glass_darkly, uniq_joseph
D:10:     wander_kiku_kobolds, layout_basic, david_orc_4, uniq_psyche,
          uniq_erolcha
Temple:   regret_index_temple_sphere_string
Lair:1:   layout_layer_cave, lemuel_old_faithful, grunt_megastairs_1
Lair:2:   layout_hall_layers, spider_nest_entry_webs, serial_bayou_pond_a,
          serial_bayou_pond_a, uniq_maggie, uniq_nergalle, uniq_fannar

Skill      XL: |  1  2  3  4  5  6  7  8  9 10 11 12 |
---------------+-------------------------------------+-----
Dodging        | 3 5 7 |  7.8
Ice Magic      | 5 6 7 8 |  8.0
Polearms       | 1 2 4 5 7 9 10 11 | 11.6
Spellcasting   | 3 4 5 6 |  6.3
Summonings     | 1 3 5 7 8 |  8.0
Fighting       | 3 5 6 7 |  7.9
Charms         | 3 |  3.0
Conjurations   | 3 6 |  6.2
Armour         | 1 2 |  2.0
Stealth        | |  2.1

Action                   |  1- 3 |  4- 6 |  7- 9 | 10-12 || total
-------------------------+-------+-------+-------+-------++-------
Melee: Unarmed           |     7 |       |       |       ||     7
       Short sword       |     7 |     7 |    15 |       ||    29
       Spear             |       |       |   174 |       ||   174
       Trident           |       |       |    23 |   327 ||   350
 Cast: Freeze            |    45 |    39 |   108 |   189 ||   381
       Frozen Ramparts   |     1 |     5 |    28 |    40 ||    74
       Ozocubu's Armour  |       |     1 |       |       ||     1
       Summon Ice Beast  |       |       |     9 |    20 ||    29
       Hailstorm         |       |       |     2 |    16 ||    18
  Use: Scroll            |     1 |     1 |     7 |     2 ||    11
       Potion            |       |       |     1 |     1 ||     2
 Stab: Sleeping          |     1 |       |     8 |     1 ||    10
       Distracted        |       |       |       |     3 ||     3
  Eat: Chunk             |     2 |     5 |    23 |    25 ||    55
       Ration            |       |       |     2 |     4 ||     6
Armor: Robe              |     2 |       |    18 |    34 ||    54
       Acid dragon scale |       |       |       |    74 ||    74
Dodge: Dodged            |    34 |    28 |   123 |   312 ||   497
Block: Other             |       |       |    17 |    49 ||    66
       Reflection        |       |       |       |     4 ||     4

Table legend:
 A = Non-vault XP
 B = Vault XP
 C = Vault XP percentage of total XP
 D = Non-vault monster count
 E = Vault monster count
 F = Vault count percentage of total count
                 A         B        C        D         E       F
            +---------+---------+-------+---------+---------+-------
      Total |   11410 |    8551 |  42.8 |     202 |     110 |  35.3
            +---------+---------+-------+---------+---------+-------
        D:1 |      65 |      10 |  13.3 |      28 |       6 |  17.6
        D:2 |      62 |       0 |   0.0 |      18 |       0 |   0.0
        D:3 |      42 |       0 |   0.0 |      10 |       0 |   0.0
        D:4 |     462 |      19 |   4.0 |      23 |       3 |  11.5
        D:5 |     434 |    1154 |  72.7 |      11 |       4 |  26.7
        D:6 |     835 |     259 |  23.7 |      21 |      11 |  34.4
        D:7 |    1319 |       0 |   0.0 |      17 |       0 |   0.0
        D:8 |    1197 |    2713 |  69.4 |      23 |      38 |  62.3
        D:9 |    1633 |    1530 |  48.4 |      17 |      13 |  43.3
       D:10 |    2879 |    2081 |  42.0 |      22 |      31 |  58.5
     Lair:1 |    1565 |     539 |  25.6 |       7 |       3 |  30.0
     Lair:2 |     917 |     246 |  21.2 |       5 |       1 |  16.7
            +---------+---------+-------+---------+---------+-------
